[Event "European Online Club-ch-B 2021"]
[Site "Online"]
[Date "2021.03.27"]
[Round "1.3"]
[White "Sasikiran, Krishnan"]
[Black "Lecky, Juraj"]
[Result "1-0"]
[ECO "B90"]
[WhiteElo "2647"]
[BlackElo "2070"]
[Annotator "ChessBase"]
[PlyCount "72"]
[EventDate "2021.03.27"]
[EventType "team-tourn"]
[EventCountry "NET"]
[SourceTitle "playchess.com"]
[Source "ChessBase"]
[SourceQuality "1"]
[TimeControl "900+5"]

1. e4 c5 2. Nf3 d6 3. d4 cxd4 4. Nxd4 Nf6 5. Nc3 a6 6. Be3 e5 7. Nb3 Be6 8. f3 h5 9. Nd5 Bxd5 10. exd5 Nbd7 11. Qd2 Rc8 12. c4 Be7 13. Be2 O-O 14. Na5 Qc7 15. O-O Rfe8 16. b4 Bf8 17. Rac1 b6 18. Nc6 Nb8 19. b5 a5 20. h3 Nfd7 21. f4 exf4 22. Rxf4 Nxc6 23. bxc6 Ne5 24. Rb1 Rb8 25. Bxh5 g6 26. Be2 Bg7 27. Rf2 Re7 28. Bg5 Ree8 29. Rbf1 Rf8 30. h4 Rbe8 31. h5 gxh5 32. Bxh5 Ng6 33. Qd3 Re5 34. Bxg6 Rxg5 35. Rxf7 Rxf7 36. Bxf7+ Kh8 1-0

[Event "European Online Club-ch-B 2021"]
[Site "Online"]
[Date "2021.03.27"]
[Round "1.6"]
[White "Mathieu, Phileas"]
[Black "Engel, Luis"]
[Result "0-1"]
[ECO "B53"]
[WhiteElo "2240"]
[BlackElo "2553"]
[Annotator "ChessBase"]
[PlyCount "62"]
[EventDate "2021.03.27"]
[EventType "team-tourn"]
[EventCountry "NET"]
[SourceTitle "playchess.com"]
[Source "ChessBase"]
[SourceQuality "1"]
[TimeControl "900+5"]

1. e4 c5 2. Nf3 d6 3. d4 cxd4 4. Qxd4 Nf6 5. c4 Nc6 6. Qe3 g6 7. h3 Bg7 8. Be2 O-O 9. O-O Be6 10. Nc3 Rc8 11. Rb1 a6 12. Rd1 Qa5 13. Bd2 Qc5 14. b3 Nd7 15. Nd5 Bxd5 16. exd5 Qxe3 17. Bxe3 Nb4 18. a3 Na2 19. Bd4 Nc3 20. Bxc3 Bxc3 21. b4 Rc7 22. Rdc1 Bf6 23. g3 Rfc8 24. Nd2 b5 25. Nb3 bxc4 26. Na5 Nb6 27. b5 Nxd5 28. b6 Rc5 29. b7 Rb8 30. Nxc4 Nc3 31. Rb2 Rxb7 0-1

[Event "European Online Club-ch-B 2021"]
[Site "Online"]
[Date "2021.03.27"]
[Round "1.7"]
[White "Heinemann, Thies"]
[Black "Thomas, Anysia"]
[Result "1-0"]
[ECO "B30"]
[WhiteElo "2502"]
[BlackElo "2164"]
[Annotator "ChessBase"]
[PlyCount "107"]
[EventDate "2021.03.27"]
[EventType "team-tourn"]
[EventCountry "NET"]
[SourceTitle "playchess.com"]
[Source "ChessBase"]
[SourceQuality "1"]
[TimeControl "900+5"]

1. e4 c5 2. Nf3 g6 3. Bc4 Nc6 4. c3 e6 5. d4 cxd4 6. Nxd4 a6 7. Nxc6 bxc6 8. e5 Bg7 9. Qe2 d5 10. exd6 Qxd6 11. O-O Ne7 12. Nd2 O-O 13. Ne4 Qc7 14. Be3 Nd5 15. Bc5 Rd8 16. Rad1 e5 17. Rfe1 Be6 18. Qf1 h6 19. Rd2 f5 20. Ng3 Nf4 21. Red1 Bd5 22. f3 Kh7 23. Be3 Ne6 24. Bf2 Nf4 25. Bxd5 cxd5 26. Ne2 Nxe2+ 27. Qxe2 Qc6 28. f4 e4 29. Bd4 Rd7 30. Qe3 Rad8 31. Bxg7 Rxg7 32. Rd4 Rgd7 33. h3 Qc7 34. R1d2 Qa5 35. b3 Qc7 36. Kh1 Kg7 37. g4 fxg4 38. hxg4 Qc6 39. f5 Qf6 40. fxg6 Qxg6 41. c4 Rf7 42. Rxd5 Rxd5 43. cxd5 Rf1+ 44. Kh2 Rf3 45. Qa7+ Kg8 46. Qb8+ Kg7 47. Qe5+ Kh7 48. Rc2 Rf7 49. Rc7 Kg8 50. Qe8+ Kg7 51. Rxf7+ Qxf7 52. Qxf7+ Kxf7 53. Kg3 Ke7 54. Kf4 1-0

[Event "European Online Club-ch-B 2021"]
[Site "Online"]
[Date "2021.03.27"]
[Round "1.8"]
[White "Frantz, Nicolas"]
[Black "Kramer, Julian"]
[Result "1/2-1/2"]
[ECO "B53"]
[WhiteElo "2140"]
[BlackElo "2419"]
[Annotator "NA"]
[PlyCount "78"]
[EventDate "2021.03.27"]
[EventType "team-tourn"]
[EventCountry "NET"]
[SourceTitle "playchess.com"]
[Source "ChessBase"]
[SourceQuality "1"]
[TimeControl "900+5"]

1. e4 c5 2. Nf3 d6 3. d4 cxd4 4. Qxd4 Nc6 5. Bb5 a6 6. Bxc6+ bxc6 7. c4 e5 8. Qd3 Ne7 9. c5 Qa5+ 10. Nc3 Qxc5 11. O-O Ng6 12. Be3 Qb4 13. a3 Qb7 14. b4 Be7 15. Rac1 O-O 16. Na4 Qb5 17. Qc2 Rb8 18. Rfd1 Bd7 19. Nc3 Qb7 20. h3 h6 21. Na4 Kh7 22. Nb6 Be8 23. Nc4 Qc7 24. Na5 c5 25. Rd5 Qd8 26. Nc4 Bc6 27. Rdd1 cxb4 28. Ncxe5 Ba8 29. Nxg6 fxg6 30. axb4 Rxb4 31. Nd4 Qd7 32. Qc7 Rb7 33. Qxd7 Rxd7 34. Ne6 Rb8 35. e5 a5 36. Nc5 Rdd8 37. Ne6 Rd7 38. Nc5 Rdd8 39. Ne6 Rd7 1/2-1/2

[Event "European Online Club-ch-B 2021"]
[Site "Online"]
[Date "2021.03.27"]
[Round "1.9"]
[White "Edouard, Romain"]
[Black "Sorensen, Hampus"]
[Result "1-0"]
[ECO "D43"]
[WhiteElo "2614"]
[BlackElo "2395"]
[Annotator "ChessBase"]
[PlyCount "157"]
[EventDate "2021.03.27"]
[EventType "team-tourn"]
[EventCountry "NET"]
[SourceTitle "playchess.com"]
[Source "ChessBase"]
[SourceQuality "1"]
[TimeControl "900+5"]

1. d4 d5 2. c4 c6 3. Nf3 Nf6 4. Nc3 e6 5. Bg5 h6 6. Bxf6 Qxf6 7. e3 Nd7 8. Bd3 dxc4 9. Bxc4 g6 10. e4 e5 11. dxe5 Nxe5 12. Nxe5 Qxe5 13. Qb3 Qe7 14. O-O Bg7 15. f4 O-O 16. f5 g5 17. Rae1 Be5 18. Nd1 b5 19. Be2 Kg7 20. Kh1 Bd7 21. Qh3 f6 22. Nf2 Be8 23. Bh5 Bxh5 24. Qxh5 Qf7 25. Qh3 Rfe8 26. Rd1 h5 27. Nd3 Bd6 28. e5 Rxe5 29. Nxe5 Bxe5 30. Rd2 Re8 31. Rfd1 Re7 32. b3 c5 33. Rd8 Bd4 34. Qf3 b4 35. Qc6 h4 36. Rf1 Rc7 37. Qb5 Rb7 38. Qa6 Re7 39. h3 Qh5 40. Qc8 Qf7 41. Qa8 Kh7 42. Rh8+ Kg7 43. Rb8 Be5 44. Rc8 Bd4 45. Qc6 Qh5 46. Rc7 Qf7 47. Rxe7 Qxe7 48. Qf3 Kh6 49. Qd1 Qe5 50. Qf3 Qe7 51. g3 hxg3 52. Qxg3 Qe4+ 53. Qf3 Qe5 54. Qa8 Kg7 55. Qxa7+ Kh6 56. Qa8 Kg7 57. Qf3 Kh6 58. Kg2 Bc3 59. h4 gxh4 60. Qf4+ Qxf4 61. Rxf4 Kg5 62. Kf3 Be5 63. Rg4+ Kxf5 64. Rxh4 Ke6 65. Ke4 f5+ 66. Kd3 Kf6 67. Rh6+ Kg5 68. Rc6 Bd4 69. Ra6 Kg4 70. a4 bxa3 71. b4 Bf2 72. b5 f4 73. b6 c4+ 74. Kxc4 Bxb6 75. Rxb6 Kf3 76. Kd3 Kf2 77. Ke4 f3 78. Rb3 a2 79. Rxf3+ 1-0

[Event "European Online Club-ch-B 2021"]
[Site "Online"]
[Date "2021.03.27"]
[Round "1.10"]
[White "Agrest, Inna"]
[Black "Sokolov, Andrei"]
[Result "0-1"]
[ECO "B80"]
[WhiteElo "2285"]
[BlackElo "2516"]
[Annotator "ChessBase"]
[PlyCount "92"]
[EventDate "2021.03.27"]
[EventType "team-tourn"]
[EventCountry "NET"]
[SourceTitle "playchess.com"]
[Source "ChessBase"]
[SourceQuality "1"]
[TimeControl "900+5"]

1. e4 c5 2. Nf3 e6 3. d4 cxd4 4. Nxd4 Nc6 5. Nc3 d6 6. Be3 Nf6 7. f3 d5 8. exd5 Nxd5 9. Nxd5 Qxd5 10. Qd2 Nxd4 11. Qxd4 Qxd4 12. Bxd4 Bd7 13. O-O-O h5 14. h4 Bc6 15. a3 a6 16. Bc3 Bd5 17. Bd3 Rc8 18. Rhe1 Bxa3 19. Bxg7 Rg8 20. Bf6 Bb4 21. Re2 Kd7 22. Kb1 Be7 23. Be5 f6 24. Bh2 Ke8 25. Bf5 Rc6 26. Rxd5 exd5 27. Be6 Rxe6 28. Rxe6 Kd7 29. Re2 f5 30. Be5 Bxh4 31. Bd4 Re8 32. Rd2 Bg5 33. Rd1 Re2 34. Rh1 h4 35. f4 Be7 36. Rg1 Re4 37. Be5 Bc5 38. Rh1 Bf2 39. Ka2 Bg3 40. Rd1 Kc6 41. Rd3 Bxf4 42. Bf6 Bg3 43. b3 Re2 44. Rc3+ Kd7 45. Rd3 Ke6 46. Bb2 Rxc2 0-1

[Event "European Online Club-ch-B 2021"]
[Site "Online"]
[Date "2021.03.27"]
[Round "1.11"]
[White "Riff, Jean-Noel"]
[Black "Rasti, Arvin"]
[Result "1-0"]
[ECO "B67"]
[WhiteElo "2499"]
[BlackElo "2195"]
[Annotator "ChessBase"]
[PlyCount "85"]
[EventDate "2021.03.27"]
[EventType "team-tourn"]
[EventCountry "NET"]
[SourceTitle "playchess.com"]
[Source "ChessBase"]
[SourceQuality "1"]
[TimeControl "900+5"]

1. e4 c5 2. Nc3 Nc6 3. Nf3 d6 4. d4 cxd4 5. Nxd4 Nf6 6. Bg5 e6 7. Qd2 a6 8. O-O-O Bd7 9. f4 b5 10. Bxf6 gxf6 11. Kb1 Qb6 12. Nce2 Rc8 13. f5 Nxd4 14. Nxd4 Qc5 15. Be2 h5 16. Bf3 Bh6 17. Qe2 h4 18. g3 Ke7 19. gxh4 Rcg8 20. Bg4 Bf4 21. h3 Rxh4 22. Rhf1 e5 23. Rd3 b4 24. Nb3 Qb6 25. Qe1 Rhh8 26. Rff3 Bb5 27. Rd1 a5 28. c3 a4 29. Na1 a3 30. cxb4 axb2 31. Kxb2 Bc4 32. Nc2 Qa6 33. a3 Be2 34. Rc3 Bxd1 35. Qxd1 Rc8 36. Qd3 Qxd3 37. Rxd3 Rc4 38. b5 Rb8 39. Rb3 Rxe4 40. Nb4 Kd7 41. a4 Bd2 42. Nc6 Ra8 43. Rd3 1-0

[Event "European Online Club-ch-B 2021"]
[Site "Online"]
[Date "2021.03.27"]
[Round "1.12"]
[White "Wengholm, Anders"]
[Black "Miralles, Gilles"]
[Result "0-1"]
[ECO "A30"]
[WhiteElo "2198"]
[BlackElo "2418"]
[Annotator "NA"]
[PlyCount "70"]
[EventDate "2021.03.27"]
[EventType "team-tourn"]
[EventCountry "NET"]
[SourceTitle "playchess.com"]
[Source "ChessBase"]
[SourceQuality "1"]
[TimeControl "900+5"]

1. Nf3 Nf6 2. c4 c5 3. Nc3 e6 4. g3 b6 5. Bg2 Bb7 6. O-O Be7 7. Re1 d5 8. cxd5 Nxd5 9. e4 Nb4 10. d4 cxd4 11. Nxd4 N8c6 12. Be3 O-O 13. Rc1 Ne5 14. Bf1 Rc8 15. b3 Bc5 16. Be2 Nbd3 17. Bxd3 Bxd4 18. Bxd4 Qxd4 19. Be2 Qb4 20. Qd2 Rfd8 21. Qe3 g6 22. Red1 Rxd1+ 23. Bxd1 Qc5 24. Qxc5 Rxc5 25. f3 Nd3 26. Rc2 Nb4 27. Rc1 f5 28. exf5 exf5 29. Be2 Kg7 30. Kf2 Nd5 31. Bc4 Nxc3 32. Rxc3 b5 33. Rd3 bxc4 34. Rd7+ Kh6 35. Rxb7 c3 0-1

[Event "European Online Club-ch-B 2021"]
[Site "Online"]
[Date "2021.03.27"]
[Round "1.13"]
[White "Santos Latasa, Jaime"]
[Black "Demidov, Mikhail"]
[Result "0-1"]
[ECO "B04"]
[WhiteElo "2608"]
[BlackElo "2523"]
[Annotator "ChessBase"]
[PlyCount "162"]
[EventDate "2021.03.27"]
[EventType "team-tourn"]
[EventCountry "NET"]
[SourceTitle "playchess.com"]
[Source "ChessBase"]
[SourceQuality "1"]
[TimeControl "900+5"]

1. e4 Nf6 2. e5 Nd5 3. d4 d6 4. Nf3 Nb6 5. a4 a5 6. Nc3 Bg4 7. h3 Bf5 8. Bf4 e6 9. Bd3 Bxd3 10. Qxd3 Nc6 11. Qb5 d5 12. O-O Qd7 13. Qe2 Be7 14. b3 O-O 15. Nd1 f6 16. Nb2 Rae8 17. Nd3 f5 18. c3 Nd8 19. h4 Nf7 20. Nc5 Qc6 21. Qb5 Bxc5 22. dxc5 Nd7 23. b4 Ra8 24. Rfe1 h6 25. h5 Qxb5 26. axb5 axb4 27. cxb4 Rfc8 28. g3 Nf8 29. Nd4 Kh7 30. c6 b6 31. Ra6 Re8 32. Rea1 Rac8 33. Ra7 g5 34. hxg6+ Nxg6 35. Re1 h5 36. Nf3 Kg7 37. Kg2 Rh8 38. Bg5 Nxg5 39. Nxg5 Nf8 40. Nf3 Ng6 41. Nd4 Kf7 42. f4 h4 43. Rh1 hxg3 44. Rxh8 Nxh8 45. Kxg3 Ng6 46. Ne2 Ke7 47. Kf3 Kf7 48. Nc3 Nh4+ 49. Kg3 Ng6 50. Na4 Ne7 51. Kf3 d4 52. Ke2 Nd5 53. Kd3 Nxf4+ 54. Kxd4 Nd5 55. Nb2 Rh8 56. Nc4 Rh4+ 57. Kd3 Nxb4+ 58. Kc3 Nd5+ 59. Kd3 Kg6 60. Ra8 Nb4+ 61. Kc3 Nd5+ 62. Kd3 f4 63. Re8 Nb4+ 64. Kc3 Nd5+ 65. Kd3 Kf7 66. Rd8 Nb4+ 67. Kc3 Nd5+ 68. Kd3 f3 69. Ra8 Nb4+ 70. Kc3 Nd5+ 71. Kd3 Rh1 72. Nd2 Rd1 73. Kc2 Ne3+ 74. Kd3 Nd5 75. Kc2 Ne3+ 76. Kd3 f2 77. Kxe3 Rxd2 78. Ra1 Rb2 79. Rf1 Kg6 80. Ke4 Kg5 81. Ke3 Kg4 0-1

[Event "European Online Club-ch-B 2021"]
[Site "Online"]
[Date "2021.03.27"]
[Round "1.14"]
[White "Andriasyan, Siranush"]
[Black "Admiraal, Miguoel"]
[Result "0-1"]
[ECO "B19"]
[WhiteElo "2298"]
[BlackElo "2475"]
[Annotator "ChessBase"]
[PlyCount "64"]
[EventDate "2021.03.27"]
[EventType "team-tourn"]
[EventCountry "NET"]
[SourceTitle "playchess.com"]
[Source "ChessBase"]
[SourceQuality "1"]
[TimeControl "900+5"]

1. e4 c6 2. d4 d5 3. Nc3 dxe4 4. Nxe4 Bf5 5. Ng3 Bg6 6. h4 h6 7. Nf3 e6 8. h5 Bh7 9. Bd3 Bxd3 10. Qxd3 Nf6 11. Bf4 Bb4+ 12. c3 Bd6 13. Bxd6 Qxd6 14. O-O-O Nbd7 15. Ne4 Nxe4 16. Qxe4 O-O 17. Kb1 a5 18. Qe2 a4 19. g4 a3 20. b3 Qf4 21. g5 hxg5 22. h6 g6 23. h7+ Kh8 24. Rdg1 Ra5 25. Rg3 Nf6 26. Nd2 Rf5 27. Rf3 Qg4 28. Qe3 Ne4 29. Rxf5 Nxd2+ 30. Qxd2 Qe4+ 31. Kc1 Qxh1+ 32. Kc2 Qe4+ 0-1

[Event "European Online Club-ch-B 2021"]
[Site "Online"]
[Date "2021.03.27"]
[Round "1.15"]
[White "Matnadze, Ana"]
[Black "Naudion, Gregoire"]
[Result "1-0"]
[ECO "E68"]
[WhiteElo "2421"]
[BlackElo "2146"]
[Annotator "NA"]
[PlyCount "29"]
[EventDate "2021.03.27"]
[EventType "team-tourn"]
[EventCountry "NET"]
[SourceTitle "playchess.com"]
[Source "ChessBase"]
[SourceQuality "1"]
[TimeControl "900+5"]

1. d4 g6 2. Nf3 Bg7 3. g3 Nf6 4. Bg2 O-O 5. O-O d6 6. c4 Nbd7 7. Nc3 e5 8. h3 Re8 9. e4 exd4 10. Nxd4 Nc5 11. Re1 h6 12. Qc2 Ne6 13. Nb3 Ng5 14. Kh2 Bxh3 15. Bxg5 1-0

[Event "European Online Club-ch-B 2021"]
[Site "Online"]
[Date "2021.03.27"]
[Round "1.16"]
[White "Pillard, Valentin"]
[Black "De Rover, Yong Hoon"]
[Result "0-1"]
[ECO "C01"]
[WhiteElo "2103"]
[BlackElo "2349"]
[Annotator "NA"]
[PlyCount "150"]
[EventDate "2021.03.27"]
[EventType "team-tourn"]
[EventCountry "NET"]
[SourceTitle "playchess.com"]
[Source "ChessBase"]
[SourceQuality "1"]
[TimeControl "900+5"]

1. e4 e6 2. d4 d5 3. exd5 exd5 4. Nf3 Nc6 5. Nc3 Bb4 6. Bd3 Nge7 7. O-O O-O 8. Ne2 Bf5 9. Ng3 Bg6 10. c3 Bd6 11. Nh4 Qd7 12. f4 Bxd3 13. Qxd3 Rae8 14. f5 f6 15. Nh5 Nc8 16. Bf4 Qf7 17. Qf3 Re4 18. Rae1 Rfe8 19. Rxe4 Rxe4 20. g4 Nd8 21. Bc1 c6 22. g5 Rxh4 23. Ng3 Qe7 24. gxf6 gxf6 25. Kh1 Kh8 26. Rg1 Qe4 27. Qxe4 dxe4 28. Be3 Ne7 29. Kg2 Nf7 30. c4 Rg4 31. Kh3 Rg8 32. Nxe4 Rxg1 33. Bxg1 Kg7 34. b3 Nxf5 35. Kg4 N7h6+ 36. Kh5 Be7 37. d5 cxd5 38. cxd5 b6 39. Bf2 Nf7 40. Kg4 Kg6 41. h4 h5+ 42. Kf4 Ne5 43. Bg1 Nd3+ 44. Kf3 Nb4 45. Nc3 Nxh4+ 46. Kg3 Nf5+ 47. Kf3 Bc5 48. Bh2 Bd4 49. Nb5 Nxd5 50. Nxd4 Nxd4+ 51. Ke4 Nxb3 52. Kxd5 Nc1 53. a4 Nd3 54. Kc4 Nb2+ 55. Kb3 Nd1 56. Bb8 a6 57. Kb4 Nb2 58. Bc7 b5 59. axb5 axb5 60. Kxb5 Kg5 61. Kb4 f5 62. Kc3 Na4+ 63. Kd2 f4 64. Ke2 Kg4 65. Kf2 h4 66. Be5 Nb6 67. Bd4 Nd5 68. Kg2 h3+ 69. Kh2 Nc7 70. Be5 Ne6 71. Bd6 Ng5 72. Bc7 f3 73. Bb6 Ne4 74. Kg1 Nc3 75. Kf2 h2 0-1

[Event "European Online Club-ch-B 2021"]
[Site "Online"]
[Date "2021.03.27"]
[Round "1.17"]
[White "Gorodetzky, David"]
[Black "Efimov, Igor"]
[Result "1-0"]
[ECO "B07"]
[WhiteElo "2495"]
[BlackElo "2416"]
[Annotator "ChessBase"]
[PlyCount "101"]
[EventDate "2021.03.27"]
[EventType "team-tourn"]
[EventCountry "NET"]
[SourceTitle "playchess.com"]
[Source "ChessBase"]
[SourceQuality "1"]
[TimeControl "900+5"]

1. d4 d6 2. e4 Nf6 3. Nc3 e5 4. Nge2 Nc6 5. h3 g6 6. d5 Ne7 7. g4 Nd7 8. h4 h5 9. gxh5 Rxh5 10. Ng3 Rh8 11. h5 Nf6 12. Bg5 Neg8 13. Qf3 Be7 14. hxg6 Rxh1 15. gxf7+ Kxf7 16. Qxh1 Qf8 17. Bh3 Qg7 18. Bxc8 Rxc8 19. Qh3 Re8 20. Qe6+ Kf8 21. Qf5 Nh6 22. Bxh6 Qxh6 23. Ke2 Qh7 24. Qf3 Qg6 25. Rh1 Kf7 26. Nf5 a6 27. Rh3 b5 28. Nd1 Bd8 29. Nde3 Rf8 30. Rg3 Qh5 31. Rg7+ Ke8 32. Re7+ Bxe7 33. Ng7+ Kd8 34. Nxh5 Nxd5 35. Nxd5 Rxf3 36. Kxf3 Bg5 37. Ne3 c6 38. Kg4 Bh6 39. Kf5 Ke7 40. b3 Kf7 41. c4 Bf8 42. Nf6 Bh6 43. Nd7 bxc4 44. bxc4 Ke7 45. Nb8 Kd8 46. Nxc6+ Kc7 47. Na5 Kb6 48. Nb3 a5 49. Nd5+ Kc6 50. a4 Bf8 51. Kg6 1-0

[Event "European Online Club-ch-B 2021"]
[Site "Online"]
[Date "2021.03.27"]
[Round "1.18"]
[White "Bagheri, Amir"]
[Black "Parkhov, Yair"]
[Result "1-0"]
[ECO "A46"]
[WhiteElo "2348"]
[BlackElo "2407"]
[Annotator "NA"]
[PlyCount "107"]
[EventDate "2021.03.27"]
[EventType "team-tourn"]
[EventCountry "NET"]
[SourceTitle "playchess.com"]
[Source "ChessBase"]
[SourceQuality "1"]
[TimeControl "900+5"]

1. d4 Nf6 2. Nf3 d6 3. Bg5 Nbd7 4. Nbd2 e5 5. e3 h6 6. Bh4 Be7 7. c4 O-O 8. Qc2 Re8 9. Be2 Nh5 10. Bxe7 Qxe7 11. O-O Nhf6 12. Rfd1 e4 13. Ne1 Nf8 14. b4 Bg4 15. Nf1 Ng6 16. Bxg4 Nxg4 17. h3 Nf6 18. Ng3 Nh4 19. a4 Nh7 20. d5 f5 21. c5 Nf6 22. Rac1 Rad8 23. cxd6 cxd6 24. Qc7 Rd7 25. Qa5 b6 26. Qb5 g5 27. Ne2 Qe5 28. g3 Nf3+ 29. Kf1 Rde7 30. a5 bxa5 31. bxa5 Nh5 32. Nxf3 exf3 33. Nd4 Nxg3+ 34. Kg1 g4 35. Nc6 Ne2+ 36. Kh1 Qf6 37. Nxe7+ Rxe7 38. Qb8+ Kh7 39. Rc7 Rxc7 40. Qxc7+ Kg6 41. Qd7 h5 42. Rb1 Kg5 43. Qe6 h4 44. Qg8+ Kh5 45. Qh7+ Kg5 46. Qg8+ Kh6 47. hxg4 Qg6 48. Qxg6+ Kxg6 49. gxf5+ Kxf5 50. Rb7 Ke4 51. Rxa7 Kd3 52. a6 Kd2 53. Rf7 Ke1 54. Rxf3 1-0

[Event "European Online Club-ch-B 2021"]
[Site "Online"]
[Date "2021.03.27"]
[Round "1.19"]
[White "Veinberg, Nimrod"]
[Black "Villegas, Pierre"]
[Result "0-1"]
[ECO "D37"]
[WhiteElo "2404"]
[BlackElo "2367"]
[Annotator "NA"]
[PlyCount "86"]
[EventDate "2021.03.27"]
[EventType "team-tourn"]
[EventCountry "NET"]
[SourceTitle "playchess.com"]
[Source "ChessBase"]
[SourceQuality "1"]
[TimeControl "900+5"]

1. d4 d5 2. c4 e6 3. Nc3 a6 4. cxd5 exd5 5. Nf3 Nf6 6. Bg5 Be6 7. e3 Nbd7 8. Be2 Bd6 9. O-O c6 10. e4 dxe4 11. Nxe4 Be7 12. Ng3 O-O 13. Rc1 h6 14. Bd2 Qb6 15. b4 Rfe8 16. Qc2 Bd6 17. Rfe1 Re7 18. a3 Rae8 19. Bf1 Bxg3 20. hxg3 Bd5 21. Rxe7 Rxe7 22. Be3 Be4 23. Qb3 Bd5 24. Qb2 Bxf3 25. gxf3 Nd5 26. Re1 Qd8 27. Bd2 Rxe1 28. Bxe1 Qf6 29. Kg2 Nf8 30. Bc4 Ne6 31. Bxd5 cxd5 32. Bc3 Qf5 33. Qe2 g6 34. a4 h5 35. b5 axb5 36. Qxb5 h4 37. Qe2 Ng5 38. g4 Qf4 39. Bd2 h3+ 40. Kf1 h2 41. Qe8+ Kh7 42. Bxf4 h1=Q+ 43. Ke2 Qxf3+ 0-1

[Event "European Online Club-ch-B 2021"]
[Site "Online"]
[Date "2021.03.27"]
[Round "1.20"]
[White "Meylan, Andre"]
[Black "Zlatin, Alexander"]
[Result "0-1"]
[ECO "B09"]
[WhiteElo "2205"]
[BlackElo "2343"]
[Annotator "NA"]
[PlyCount "104"]
[EventDate "2021.03.27"]
[EventType "team-tourn"]
[EventCountry "NET"]
[SourceTitle "playchess.com"]
[Source "ChessBase"]
[SourceQuality "1"]
[TimeControl "900+5"]

1. e4 g6 2. d4 Bg7 3. Nc3 d6 4. f4 Nf6 5. Nf3 O-O 6. Bd3 Na6 7. O-O c5 8. e5 Ng4 9. Bxa6 bxa6 10. dxc5 dxc5 11. h3 Nh6 12. Be3 c4 13. Qxd8 Rxd8 14. Rad1 Bb7 15. Rxd8+ Rxd8 16. Bxa7 f6 17. exf6 Bxf6 18. Ne5 Nf7 19. Nxf7 Kxf7 20. Rd1 Rxd1+ 21. Nxd1 Be4 22. Ne3 Bxb2 23. Nxc4 Bc3 24. Ne3 Bd2 25. c4 Bd3 26. Ng4 Bxf4 27. Ne3 Bxe3+ 28. Bxe3 Bxc4 29. a4 Kf6 30. Kf2 Kf5 31. Bc5 e5 32. Ke3 Bf1 33. Kf2 Bc4 34. Ke3 Bd5 35. g4+ Kf6 36. h4 g5 37. hxg5+ Kxg5 38. Bd6 e4 39. a5 Kxg4 40. Kf2 h5 41. Bc5 h4 42. Be3 h3 43. Bd4 e3+ 44. Kg1 Kf3 45. Kh2 Be6 46. Bc3 Ke2 47. Kg3 Kd1 48. Bb4 e2 49. Kf2 Bd5 50. Kg3 Bg2 51. Kf2 Bf1 52. Kg3 e1=Q+ 0-1

[Event "European Online Club-ch-B 2021"]
[Site "Online"]
[Date "2021.03.27"]
[Round "2.1"]
[White "Chlpik, Martin"]
[Black "Efimov, Igor"]
[Result "1-0"]
[ECO "A48"]
[WhiteElo "2199"]
[BlackElo "2416"]
[Annotator "NA"]
[PlyCount "109"]
[EventDate "2021.03.27"]
[EventType "team-tourn"]
[EventCountry "NET"]
[SourceTitle "playchess.com"]
[Source "ChessBase"]
[SourceQuality "1"]
[TimeControl "900+5"]

1. d4 Nf6 2. Bf4 g6 3. Nf3 Bg7 4. e3 d6 5. h3 Nc6 6. Be2 O-O 7. O-O Qe8 8. c4 e5 9. Bh2 Nd7 10. Nc3 h6 11. Rc1 Kh7 12. c5 dxc5 13. Nb5 Qd8 14. d5 Nb4 15. a3 Nxd5 16. Qxd5 c6 17. Qd6 cxb5 18. Bxb5 e4 19. Nd2 Bxb2 20. Nxe4 a6 21. Bxd7 Bxd7 22. Rb1 Bg7 23. Rxb7 Bb5 24. Rc1 Qa5 25. Nf6+ Kh8 26. Be5 Qxa3 27. Rd1 Qb3 28. Nh5 Qxd1+ 29. Qxd1 Bxe5 30. Qd5 Rae8 31. Rxf7 Rxf7 32. Qxf7 gxh5 33. Qxh5 c4 34. Qxh6+ Kg8 35. Qg5+ Bg7 36. Qd5+ Kf8 37. Qf5+ Ke7 38. Qc5+ Ke6 39. f4 c3 40. f5+ Kf6 41. Qd4+ Kf7 42. Qd5+ Kf8 43. Qc5+ Kg8 44. g4 Bh6 45. Qd5+ Kh8 46. Qd4+ Bg7 47. f6 c2 48. fxg7+ Kh7 49. g8=Q+ Kxg8 50. Qd5+ Kg7 51. Qg5+ Kf7 52. Qf5+ Kg7 53. Qxc2 Rxe3 54. Qc7+ Kf8 55. Qf4+ 1-0

[Event "European Online Club-ch-B 2021"]
[Site "Online"]
[Date "2021.03.27"]
[Round "2.2"]
[White "Bagheri, Amir"]
[Black "Solcan, Martin"]
[Result "1/2-1/2"]
[ECO "D03"]
[WhiteElo "2348"]
[BlackElo "2076"]
[Annotator "NA"]
[PlyCount "81"]
[EventDate "2021.03.27"]
[EventType "team-tourn"]
[EventCountry "NET"]
[SourceTitle "playchess.com"]
[Source "ChessBase"]
[SourceQuality "1"]
[TimeControl "900+5"]

1. d4 Nf6 2. Nf3 g6 3. Bg5 Bg7 4. Nbd2 d5 5. e3 O-O 6. Bd3 c5 7. c3 Nc6 8. O-O Bg4 9. Qb1 Rc8 10. b4 b6 11. h3 Bxf3 12. Nxf3 cxb4 13. cxb4 Qd6 14. a3 e5 15. Ba6 Rcd8 16. b5 e4 17. Bf4 Qe7 18. bxc6 exf3 19. c7 fxg2 20. Kxg2 Ra8 21. Rc1 Rac8 22. Qb5 Nh5 23. Bxc8 Nxf4+ 24. exf4 Rxc8 25. Qxd5 Rxc7 26. Rxc7 Qxc7 27. Re1 Bf6 28. f5 g5 29. a4 Qf4 30. Re4 Qd2 31. Qd6 Kg7 32. Re8 Bxd4 33. Qf8+ Kf6 34. Qe7+ Kg7 35. Qf8+ Kf6 36. Qh6+ Kxf5 37. Qxh7+ Kf6 38. Qh6+ Kf5 39. Qh7+ Kf6 40. Qh6+ Kf5 41. Qh7+ 1/2-1/2

[Event "European Online Club-ch-B 2021"]
[Site "Online"]
[Date "2021.03.27"]
[Round "2.3"]
[White "Lecky, Juraj"]
[Black "Villegas, Pierre"]
[Result "0-1"]
[ECO "B12"]
[WhiteElo "2070"]
[BlackElo "2367"]
[Annotator "NA"]
[PlyCount "102"]
[EventDate "2021.03.27"]
[EventType "team-tourn"]
[EventCountry "NET"]
[SourceTitle "playchess.com"]
[Source "ChessBase"]
[SourceQuality "1"]
[TimeControl "900+5"]

1. e4 c6 2. d4 d5 3. e5 Bf5 4. Nf3 e6 5. Be2 Ne7 6. O-O Ng6 7. Nbd2 Nf4 8. c3 Be7 9. Nb3 Nxe2+ 10. Qxe2 O-O 11. Be3 a5 12. Rfd1 Bg4 13. h3 Bh5 14. Nbd2 Qb6 15. g4 Bg6 16. Nf1 c5 17. dxc5 Bxc5 18. Bxc5 Qxc5 19. Nd4 Nc6 20. Ng3 Rae8 21. h4 h6 22. Qe3 Qb6 23. b3 f6 24. f4 fxe5 25. fxe5 Nxd4 26. cxd4 Qd8 27. g5 hxg5 28. hxg5 Re7 29. Rf1 Ref7 30. Rxf7 Rxf7 31. Rf1 Rxf1+ 32. Kxf1 Qc7 33. Qe2 Qc3 34. Qg4 Qa1+ 35. Kf2 Qxa2+ 36. Kg1 Qb1+ 37. Kf2 Qc2+ 38. Kg1 Kf7 39. Qf3+ Ke7 40. Qe3 Qd3 41. Qf2 b5 42. Ne2 Be4 43. Ng3 Qd1+ 44. Kh2 Qf3 45. Nxe4 Qxe4 46. Qd2 b4 47. Qc1 Kf7 48. Qc7+ Kg6 49. Qe7 Qh4+ 50. Kg2 Qxg5+ 51. Qxg5+ Kxg5 0-1